 Dungeon Crawl Stone Soup version 0.17-a0-512-gd6a67cc (webtiles) character file.

42 stringdemon the Insei (level 3, -5/17 HPs)
             Began as a Vine Stalker Transmuter on Apr 11, 2015.
             Slain by a gnoll
             ... wielding a +0 halberd
              (7 damage)
             ... on level 2 of the Dungeon.
             The game lasted 00:06:58 (943 turns).

stringdemon the Insei (Vine Stalker Transmuter)      Turns: 943, Time: 00:06:58

Health: -5/17      AC:  3    Str: 13    XL:     3   Next: 54%
Magic:  0/7        EV: 12    Int: 13    God:
Gold:   62         SH:  0    Dex: 14    Spells: 1 memorised, 5 levels left

rFire  . . .     SeeInvis .       - Unarmed
rCold  . . .     Clarity  .     c - +0 robe
rNeg   . . .     SustAb   .     (no shield)
rPois  .         Gourm    .     (no helmet)
rElec  .         Spirit   +     (no cloak)
rCorr  .         Warding  .     (no gloves)
rMut   .         Stasis   .     (boots currently unavailable)
MR     .....                    (no amulet)
Stlth  +.........               (no ring)
                                (no ring)

@: lethally poisoned (-5 -> -6), appendage, not resistant to hostile
enchantments, very unstealthy
A: fangs 2, talons 3, regeneration 1, shaggy fur 1, magic shield, antimagic
bite, no device heal 3, rot immunity
a: End Transformation


You were on level 2 of the Dungeon.
You were not hungry.
You had grown temporary talons.
You visited 1 branch of the dungeon, and saw 2 of its levels.

You collected 62 gold pieces.

Inventory:

Missiles
 e - 55 stones (quivered)
Armour
 c - a +0 robe (worn)
 l - a +0 robe
Scrolls
 h - a scroll of enchant weapon {unknown}
 j - 2 scrolls of teleportation {unknown}
Potions
 g - 3 potions of curing {unknown}
 i - a potion of heal wounds {unknown}
 k - a potion of restore abilities {unknown}
 m - a potion of poison {unknown}
Books
 d - a book of Changes

   Spells                             Type                      Level
   a - Beastly Appendage              Transmutation                1
   b - Sticks to Snakes               Transmutation                2
   c - Spider Form                    Transmutation/Poison         3
   d - Ice Form                       Ice/Transmutation            4
   e - Blade Hands                    Transmutation                5
Comestibles
 a - 2 bread rations
 b - 2 chunks of flesh


   Skills:
 + Level 0.8 Fighting
 + Level 1.9 Dodging
 * Level 4.0 Unarmed Combat
 + Level 2.3 Spellcasting
 + Level 2.2 Transmutations


You had 5 spell levels left.
You knew the following spells:

 Your Spells              Type           Power        Failure   Level  Hunger
a - Beastly Appendage     Trmt           #.....       12%         1    #......


Dungeon Overview and Level Annotations

Branches:
Dungeon (2/15)

Altars:
Vehumet


Innate Abilities, Weirdness & Mutations

You have extremely sharp teeth.
Your natural rate of healing is unusually fast.
You are covered in fur (AC +1).
When hurt, damage is shared between your health and your magic reserves.
Your bite disrupts and absorbs the magic of your enemies.
Potions and wands cannot restore your health.
You are immune to rotting.
You have claws for feet.


Message History

You feel sick.
You feel sick.
You feel sick.
Your horns disappear.
You feel sick.
You feel sick.
Found 10 poisoned needles. 2 gnolls come into view.
The gnoll shouts!
The gnoll moves out of view.
You feel sick.
A gnoll comes into view. It is wielding a spear.
The gnoll hits you but does no damage.
Casting: Beastly Appendage
Confirm with . or Enter, or press ? or * to list all spells.
Your feet morph into talons.
The gnoll closely misses you. The gnoll hits you with a spear!
* * * LOW HITPOINT WARNING * * *
The gnoll hits you from afar with a halberd!
You die...

#######>
#########.##.†..
#...............
#.#######.##.##.
#.# ####.##. #.#
...#.
##########.###
......
#..$..(......#
.......
#.######@###.#
#.....# #g# .#
##...##


gg. . #.# ##.## ## #.# #.# ... #.# #.# You could see 3 gnolls.

Vanquished Creatures
  An adder (D:2)
  A giant gecko (D:1)
  5 bats
  A giant cockroach (D:1)
  3 goblins
  5 hobgoblins
  4 jackals (D:1)
  2 kobolds (D:1)
  3 giant newts (D:1)
  A quokka (D:2)
  4 rats
30 creatures vanquished.

Notes
Turn   | Place    | Note
--------------------------------------------------------------
     0 | D:1      | stringdemon, the Vine Stalker Transmuter, began the quest for the Orb.
     0 | D:1      | Reached XP level 1. HP: 9/9 MP: 4/4
    85 | D:1      | Reached XP level 2. HP: 6/14 MP: 6/6
   539 | D:1      | Reached XP level 3. HP: 12/17 MP: 5/7
   800 | D:2      | Found a radiant altar of Vehumet.
   922 | D:2      | Reached skill level 4 in Unarmed Combat
   943 | D:2      | Slain by a gnoll

Action                   || total
-------------------------++-------
Melee: Unarmed           ||    82
 Cast: Beastly Appendage ||     6
 Stab: Sleeping          ||     1
